 Dungeon Crawl Stone Soup version 0.28.0-62-gf88900778d (webtiles) character file.

Game seed: 12833223696529135460

51269 Froggeryz the Bludgeoner (level 14, -5/106 HPs)
             Began as an Octopode Berserker on June 9, 2023.
             Was a High Priest of Trog.
             Slain by a komodo dragon (31 damage)
             ... on level 6 of the Lair of Beasts on July 14, 2023.
             The game lasted 00:30:11 (19819 turns).

Froggeryz the Bludgeoner (Octopode Berserker)      Turns: 19819, Time: 00:30:12

Health: -5/106     AC:  3    Str: 19    XL:     14   Next: 58%
Magic:  14/14      EV: 23    Int: 10    God:    Trog [*****.]
Gold:   826        SH:  0    Dex: 15    Spells: 13/13 levels left

rFire   . . .      SeeInvis .   s - +2 whip (elec)
rCold   + + .      Faith    .   (no shield)
rNeg    . . .      Spirit   .   (helmet restricted)
rPois   +          Reflect  .   p - amulet of regeneration
rElec   .          Harm     .   b - ring of resist corrosion
rCorr   +          Rampage  .   a - ring "Domeanedgh" {Wiz rC++ Dex+2}
Will    +....                   q - +4 ring of evasion
Stlth   ++++......              (no ring)
HPRegen 1.07/turn               (no ring)
MPRegen 0.14/turn               (no ring)
                                (no ring)
                                (no ring)

@: no status effects
A: almost no armour, amphibious, 8 rings, camouflage 1, gelatinous body 1,
(nimble swimmer 1), tentacles, iridescent scales 1, poison resistance, no potion
heal 1
a: Renounce Religion, Berserk, Trog's Hand, Brothers in Arms


You were on level 6 of the Lair of Beasts.
You worshipped Trog.
Trog was extremely pleased with you.
You visited 2 branches of the dungeon, and saw 14 of its levels.
You also visited: Sewer.

You collected 875 gold pieces.
You spent 49 gold pieces at shops.

Inventory:

Hand Weapons
 f - a +0 flail of draining
 j - a +1 flail of protection
 s - a +2 whip of electrocution (weapon)
Missiles
 k - 5 poisoned darts (quivered)
 x - 6 boomerangs
 y - 3 throwing nets
 F - 3 javelins
 H - 5 atropa-tipped darts
Jewellery
 a - the ring "Domeanedgh" (right tentacle) {Wiz rC++ Dex+2}
   (You found it in a sewer)

   [ring of wizardry]

   It improves your spell success rate.
   Dex:       It affects your dexterity (+2).
   rC:        It greatly protects you from cold.
 b - a ring of resist corrosion (left tentacle)
 p - an amulet of regeneration (around mantle)
 q - a +4 ring of evasion (on tentacle)
 D - an amulet of reflection
Wands
 d - a wand of acid (3)
 h - a wand of polymorph (10)
 r - a wand of flame (18)
 E - a wand of digging (5)
 G - a wand of iceblast (2)
Scrolls
 c - 4 scrolls of fog
 e - 6 scrolls of teleportation
 i - 4 scrolls of enchant weapon
 l - 2 scrolls of magic mapping
 o - 3 scrolls of enchant armour
 w - 4 scrolls of immolation
 z - a scroll of blinking
 J - a scroll of summoning {unknown}
 K - a scroll of identify
Potions
 g - a potion of lignification
 m - a potion of heal wounds
 n - 2 potions of degeneration {unknown}
 t - 8 potions of curing
 u - 2 potions of resistance
 v - 3 potions of haste
 A - 3 potions of flight
 B - 2 potions of brilliance {unknown}
 C - a potion of ambrosia
 I - a potion of berserk rage


   Skills:
 + Level 13.4 Fighting
 - Level 16.4 Maces & Flails
 + Level 7.4 Throwing
 - Level 12.0 Dodging
 * Level 5.8 Stealth


You had 13 spell levels left.
You didn't know any spells.
Your spell library was empty.

Dungeon Overview and Level Annotations

Branches:
Dungeon (8/15)             Temple (0/1) D:7            Lair (6/6) D:8
  Swamp (0/4) Lair:4        Snake (0/4) Lair:3        Slime (0/5) Lair:6
  Sewer (visited)

Altars:
Hepliaklqana
Makhleb
Nemelex Xobeh
Ru
Wu Jian
The Shining One
Jiyva

Shops:
D:5 *

Annotations:
D:3 2 transporters, AarnesTheHuman's ghost, amateur HOFi
Lair:2 3 runed translucent doors, Atelerd's ghost, journeyman OpEE
Lair:3 exclusion: oklob plant


Innate Abilities, Weirdness & Mutations

You cannot wear most types of armour.
You are amphibious.
You can wear up to eight rings at the same time.
Your skin changes colour to match your surroundings (Stealth+).
Your rubbery body absorbs attacks. (AC +1, EV +1)
((You are camouflaged when in or above water. (Stealth+)))
You have tentacles for arms and can constrict up to eight enemies at once.
You are partially covered in iridescent scales. (AC +2)
Your system is resistant to poisons. (rPois)
Potions are less effective at restoring your health.


Message History

You hit the komodo dragon.
The komodo dragon is lightly wounded.
The komodo dragon misses you.
You barely miss the komodo dragon.
You squeeze the komodo dragon, but do no damage.
The komodo dragon is lightly wounded.
You barely miss the komodo dragon. Your squeeze misses the komodo dragon.
The komodo dragon is lightly wounded.
The komodo dragon completely misses you.
A komodo dragon is nearby!
You hit the komodo dragon.
The komodo dragon is lightly wounded.
You barely miss the komodo dragon. You squeeze the komodo dragon.
The komodo dragon is lightly wounded.
The komodo dragon completely misses you.
You closely miss the komodo dragon.
The komodo dragon is lightly wounded.
You hit the komodo dragon. You squeeze the komodo dragon!
The komodo dragon is heavily wounded.
The komodo dragon bites you!!
You hit the komodo dragon.
The komodo dragon is heavily wounded.
You barely miss the komodo dragon.
The komodo dragon is heavily wounded.
The komodo dragon bites you!!
* * * LOW HITPOINT WARNING * * *
You are too injured to fight recklessly!
You are too injured to fight recklessly!
You are too injured to fight recklessly!
You are too injured to fight recklessly!
You are too injured to fight recklessly!
You are too injured to fight recklessly!
You hit the komodo dragon but do no damage.
Lightning courses through the komodo dragon!!
The komodo dragon is almost dead.
You hit the komodo dragon but do no damage.
You squeeze the komodo dragon.
The komodo dragon is almost dead.
The komodo dragon bites you!!
You die...

...... ....# ...# ##..##
. #. .. ##....# #.#
.#.##.###.#.P†### ....
###......##....#..#(....
.........###.........)..
##.P.....###....@l≈.##..
(......P....#.†.†.P≈.≈≈.
#..#...P............≈...
.#.......#..≈P...≈≈..≈≈≈
...†......#......P≈≈≈≈≈≈
.........##.....≈≈≈≈≈P≈≈
####..#####...≈≈≈≈P≈≈≈≈≈
#.†## ####≈≈≈≈≈≈≈≈≈≈
###).# ####..≈≈≈


You could see a komodo dragon.

Vanquished Creatures
  7 hydras
  A boulder beetle (Lair:4)
  2 catoblepae
  12 death yaks
  Pikel (D:4)
  2 oklob plants (Lair:4)
  Joseph (D:7)
  13 elephants
  A black mamba (Lair:2)
  3 torpor snails
  5 rime drakes
  23 cane toads
  7 komodo dragons
  A tyrant leech (Lair:6)
  2 polar bears (Lair:5)
  Grinder (D:4)
  29 blink frogs
  2 dream sheep
  Sigmund (D:2)
  27 yaks
  6 basilisks
  2 wyverns
  7 vampire mosquitoes
  2 steam dragons (D:5)
  Edmund (D:4)
  6 nagas (Lair:3)
  Duvessa (D:4)
  16 water moccasins
  4 orc warriors
  An ice beast (D:7)
  2 black bears
  2 necrophages (D:8)
  2 ogres
  4 boggarts (Lair:5)
  21 wolves
  A centaur (D:8)
  A lemure (D:4)
  22 bullfrogs
  3 scorpions
  2 wyvern zombies (D:7)
  A water moccasin zombie (D:6)
  3 water moccasin skeletons
  Dowan (D:4)
  3 electric eels
  3 howler monkeys
  A bullfrog zombie (D:6)
  5 jellies
  4 hounds
  4 orc priests
  2 centaur skeletons (D:7)
  Crazy Yiuf (D:6)
  Natasha (thrice) (D:4)
  Terence (D:2)
  8 orc wizards
  An iguana (D:4)
  2 hound skeletons
  A river rat (D:4)
  9 adders
  2 shadow imps
  3 dart slugs
  26 orcs
  34 endoplasms
  10 giant cockroaches
  11 hobgoblins
  2 jackals (D:4)
  16 quokkas
  11 ball pythons
  7 bats
  13 frilled lizards
  11 goblins
  3 kobolds
  2 rats (D:1)
451 creatures vanquished.

Vanquished Creatures (others)
  Robin (D:3)
  An adder (D:3)
  2 goblins (D:3)
  A hobgoblin (D:3)
  A kobold (D:3)
  2 bushes
  79 fungi
  136 plants
223 creatures vanquished.

Grand Total: 674 creatures vanquished

Notes
Turn   | Place    | Note
-------+----------+-------------------------------------------
     0 | D:1      | Froggeryz the Octopode Berserker began the quest for the
                  | Orb.
     0 | D:1      | Reached XP level 1. HP: 16/16 MP: 1/1
    59 | D:1      | Reached XP level 2. HP: 13/21 MP: 2/2
   403 | D:1      | You fall into a shaft and drop 1 floor!
   403 | D:2      | Noticed Terence
   407 | D:2      | Killed Terence
   408 | D:2      | Reached skill level 4 in Maces & Flails
   408 | D:2      | Reached XP level 3. HP: 26/26 MP: 3/3
   667 | D:2      | Noticed Sigmund
   678 | D:2      | Killed Sigmund
   679 | D:2      | Reached skill level 5 in Maces & Flails
   679 | D:2      | Reached XP level 4. HP: 33/33 MP: 4/4
   679 | D:2      | Reached XP level 5. HP: 37/37 MP: 5/5
   830 | D:1      | Found a faded altar of an unknown god.
  1791 | D:3      | Reached XP level 6. HP: 44/44 MP: 6/6
  1875 | D:3      | Found a hazy altar of Hepliaklqana.
  1879 | D:3      | Reached ** piety under Trog
  1939 | D:3      | Noticed Robin
  1974 | D:3      | Killed Robin
  2086 | D:3      | Found a transporter.
  2097 | D:3      | Noticed AarnesTheHuman's ghost (amateur HOFi)
  2319 | D:3      | Found a transporter.
  2410 | D:3      | Found a glowing golden altar of the Shining One.
  2651 | D:4      | Reached skill level 1 in Throwing
  2651 | D:4      | Noticed Grinder
  2665 | D:4      | Killed Grinder
  2666 | D:4      | Reached skill level 6 in Maces & Flails
  2666 | D:4      | Reached XP level 7. HP: 41/49 MP: 7/7
  2683 | D:4      | Noticed Pikel
  2720 | D:4      | Killed Pikel
  2721 | D:4      | Reached skill level 5 in Fighting
  2721 | D:4      | Reached skill level 7 in Maces & Flails
  2721 | D:4      | Reached XP level 8. HP: 42/57 MP: 8/8
  2783 | D:4      | Noticed Natasha
  2807 | D:4      | Killed Natasha
  2831 | D:4      | Identified the +2 ring mail of Fortitude {rC- rN+ Str+3}
  2866 | D:4      | Reached skill level 8 in Maces & Flails
  2900 | D:4      | Gained mutation: Potions are less effective at restoring
                  | your health. [potion of mutation]
  2900 | D:4      | Gained mutation: Your mind is acute. (Int +2) [potion of
                  | mutation]
  2900 | D:4      | Gained mutation: Potions cannot restore your health.
                  | [potion of mutation]
  2900 | D:4      | HP: 4/85 [poisoned by an adder]
  2979 | D:4      | Noticed Dowan
  3169 | D:4      | Found a glowing drain.
  3178 | Sewer    | Entered a sewer
  3466 | Sewer    | Reached *** piety under Trog
  3714 | Sewer    | Identified the ring "Domeanedgh" {Wiz rC++ Dex+2}
  3999 | D:4      | Noticed Edmund
  4011 | D:4      | Killed Edmund
  4076 | D:4      | Noticed Duvessa
  4195 | D:4      | Killed Duvessa
  4196 | D:4      | Reached XP level 9. HP: 40/63 MP: 9/9
  4196 | D:4      | Killed Dowan
  4197 | D:4      | Reached skill level 9 in Maces & Flails
  4579 | D:4      | Noticed Natasha
  4584 | D:4      | Killed Natasha
  4645 | D:4      | Noticed Natasha
  4686 | D:4      | Killed Natasha
  4704 | D:5      | Entered Level 5 of the Dungeon
  4762 | D:5      | Found Tuqaeg's Assorted Antiques.
  4771 | D:5      | Bought a scroll labelled SIEFAG UDWIO for 26 gold pieces
  4771 | D:5      | Bought a silvery potion for 23 gold pieces
  5073 | D:5      | HP: 3/63 [something (13)]
  5661 | D:5      | Found an ornate altar of the Wu Jian Council.
  5893 | D:6      | Reached **** piety under Trog
  6151 | D:6      | Reached skill level 10 in Maces & Flails
  6413 | D:6      | Found a sacrificial altar of Ru.
  6615 | D:6      | Found a runed translucent door.
  6616 | D:6      | Noticed Crazy Yiuf
  6621 | D:6      | Killed Crazy Yiuf
  6664 | D:7      | Found a sparkling altar of Nemelex Xobeh.
  6665 | D:7      | Found a staircase to the Ecumenical Temple.
  6782 | D:7      | Reached skill level 5 in Dodging
  7346 | D:7      | Reached XP level 10. HP: 64/72 MP: 10/10
  7535 | D:7      | Noticed Joseph
  7551 | D:7      | Killed Joseph
  7941 | D:8      | Reached skill level 11 in Maces & Flails
  8189 | D:8      | Noticed a death yak
  8190 | D:8      | Noticed a death yak
  8234 | D:8      | Killed a death yak
  8313 | D:8      | Noticed a death yak
  8348 | D:8      | Killed a death yak
  8475 | D:8      | Noticed a death yak
  8476 | D:8      | Noticed a death yak
  8477 | D:8      | Noticed a death yak
  8521 | D:7      | Killed a death yak
  9036 | D:8      | Reached skill level 12 in Maces & Flails
  9350 | D:8      | Found a staircase to the Lair.
  9410 | D:8      | Found a burning altar of Makhleb.
  9529 | D:8      | Killed a death yak
  9530 | D:8      | Reached XP level 11. HP: 80/80 MP: 11/11
  9583 | D:8      | Killed a death yak
  9591 | D:8      | Killed a death yak
  9833 | Lair:1   | Entered Level 1 of the Lair of Beasts
  9946 | Lair:1   | Reached ***** piety under Trog
  9947 | Lair:1   | Reached skill level 13 in Maces & Flails
 10338 | Lair:1   | Noticed an eight-headed hydra
 11014 | Lair:1   | Killed an eight-headed hydra
 11396 | Lair:1   | Noticed a seven-headed hydra
 11447 | Lair:1   | Killed a seven-headed hydra
 12234 | Lair:1   | Reached skill level 10 in Fighting
 12495 | Lair:2   | Found a runed translucent gate.
 13070 | Lair:1   | Reached XP level 12. HP: 45/87 MP: 12/12
 13288 | Lair:2   | Found a runed translucent gate.
 13289 | Lair:2   | Found a runed translucent gate.
 13290 | Lair:2   | Noticed a minotaur
 13302 | Lair:2   | Noticed a seven-headed hydra
 13313 | Lair:2   | Killed a seven-headed hydra
 13314 | Lair:2   | Reached skill level 14 in Maces & Flails
 13421 | Lair:2   | Noticed Atelerd's ghost (journeyman OpEE)
 14170 | Lair:2   | You fall into a shaft and drop 1 floor!
 14390 | Lair:3   | Noticed a seven-headed hydra
 14400 | Lair:3   | Killed a seven-headed hydra
 15345 | Lair:3   | Reached skill level 15 in Maces & Flails
 15417 | Lair:3   | HP: 1/90 [elephant (14)]
 15581 | Lair:3   | Reached skill level 10 in Dodging
 15598 | Lair:3   | Reached XP level 13. HP: 44/95 MP: 13/13
 16179 | Lair:3   | Found a staircase to the Snake Pit.
 16496 | Lair:4   | Reached skill level 16 in Maces & Flails
 16853 | Lair:4   | Found the +4 skin of Zhor {*Englaciate rC+++ SInv}
 17231 | Lair:4   | Identified the +8 long sword of Woe {vorpal, rCorr Stlth+}
 17560 | Lair:4   | Found a staircase to the Swamp.
 17913 | Lair:5   | Received a gift from Trog
 18047 | Lair:5   | Reached skill level 5 in Throwing
 18427 | Lair:5   | Reached XP level 14. HP: 102/104 MP: 14/14
 18729 | Lair:5   | Lost mutation: Your mind is acute. (Int +2) [potion of
                  | mutation]
 18729 | Lair:5   | Lost mutation: Potions cannot restore your health. [potion
                  | of mutation]
 18729 | Lair:5   | Gained mutation: Your system is resistant to poisons.
                  | (rPois) [potion of mutation]
 18729 | Lair:5   | Gained mutation: You are partially covered in iridescent
                  | scales. (AC +2) [potion of mutation]
 19277 | Lair:6   | Entered Level 6 of the Lair of Beasts
 19278 | Lair:6   | Found a viscous altar of Jiyva.
 19278 | Lair:6   | Found a staircase to the Slime Pits.
 19464 | Lair:6   | Reached skill level 1 in Stealth
 19738 | Lair:6   | Received a gift from Trog
 19739 | Lair:6   | Reached skill level 5 in Stealth
 19819 | Lair:6   | Slain by a komodo dragon

Illustrated notes

Levels and vault maps discovered:
D:1:      scummos_arrival_checkerplants, layout_loops_ring,
          dreamdust_ecumenical_altar_angels_and_demons, minmay_bisected
D:2:      layout_rooms, minmay_fountain_box, uniq_terence, uniq_sigmund
D:3:      layout_loops_ring, mainiacjoe_overflow_surrounded_room,
          nicolae_hepliaklqana_hippocampus, gammafunk_ghost_stat_death,
          minmay_stone_trees_small, minmay_misc_feat_pillars,
          lemuel_old_faithful, uniq_robin
D:4:      layout_loops_cross, gup_sewer_entry_bubbles,
          chequers_serial_rivers_room_b, minmay_misc_feat_x, uniq_pikel,
          uniq_edmund, uniq_natasha, uniq_grinder, uniq_duvessa
D:5:      kennysheep_steamy, layout_rooms, mainiacjoe_overflow_alcove_4,
          serial_rivers, chequers_serial_rivers_small_b,
          chequers_serial_rivers_large_a, chequers_serial_rivers_large_b,
          chequers_serial_rivers_micro_d, serial_shops, shop_statue
D:6:      layout_cave_pools, nicolae_ru_path_of_blood, uniq_crazy_yiuf_cottage
D:7:      layout_rooms, mainiacjoe_overflow_tiny_flanked,
          minmay_temple_entry_offerings, uniq_joseph
D:8:      layout_loops_corners, makhleb_blood_cavern_becter, dpeg_lair_monsters
Lair:1:   layout_cave_pods, serial_rivers, chequers_serial_rivers_marsh,
          chequers_serial_rivers_room_a, chequers_serial_rivers_micro_e,
          chequers_serial_rivers_micro_c, chequers_serial_rivers_micro_a,
          patterned_corridor, grunt_megastairs_2
Lair:2:   layout_chaotic_city, maelrawn_ghost_gauntlet_escape
Lair:3:   lemuel_slime, layout_loops_ring, minmay_snake_entry_guardpost_large
Lair:4:   minmay_lair_oklob_chamber, layout_gridlike, minmay_swamp_entry_swarm,
          hellmonk_guarded_unrand_zhor, infiniplex_staircase_pool
Lair:5:   layout_loops_ring, grunt_forest_small_clearings,
          kilobyte_rumbling_trees
Lair:6:   minmay_lair_end_frog_pond, layout_loops_ring, slime_altar_1,
          special_room [special_room_jelly], minivault_27, serial_bayou_shore_b

Skill      XL: |  1  2  3  4  5  6  7  8  9 10 11 12 13 14 |
---------------+-------------------------------------------+-----
Maces & Flails | 4 5 6 7 8 10 12 13 15 16 | 16.4
Fighting       | 4 5 6 7 9 10 11 12 13 | 13.4
Throwing       | 1 3 4 5 7 |  7.4
Dodging        | 5 7 8 10 11 12 | 12.0
Stealth        | 5 |  5.8

Action                   |  1- 3 |  4- 6 |  7- 9 | 10-12 | 13-15 || total
-------------------------+-------+-------+-------+-------+-------++-------
Melee: Mace              |    33 |    19 |       |       |       ||    52
       Constrict         |     9 |    15 |    58 |    53 |    85 ||   220
       Tentacles         |     6 |    13 |    64 |   188 |   227 ||   498
       Flail             |       |    48 |    14 |       |       ||    62
       Punch             |       |     1 |     3 |    16 |    23 ||    43
       Whip              |       |       |   286 |   524 |   712 ||  1522
Throw: Dart              |       |       |       |    24 |    19 ||    43
       Javelin           |       |       |       |    11 |       ||    11
       Boomerang         |       |       |       |     1 |     1 ||     2
Invok: Berserk           |     3 |       |     3 |    12 |     7 ||    25
       Trog's Hand       |       |     1 |     4 |     1 |     3 ||     9
Evoke: Wand              |       |       |       |       |     5 ||     5
  Use: Potion            |       |       |     6 |     1 |     1 ||     8
       Scroll            |       |       |    11 |    10 |       ||    21
 Stab: Sleeping          |     5 |     7 |    16 |     3 |     3 ||    34
       Distracted        |       |       |     3 |       |     1 ||     4
       Petrifying        |       |       |       |       |     1 ||     1
Armor: Skin              |     1 |     8 |     5 |     8 |    22 ||    44
Dodge: Dodged            |    26 |    29 |   114 |   282 |   395 ||   846
Block: Other             |       |       |       |     5 |       ||     5
